 Dungeon Crawl Stone Soup version 0.28.0 (webtiles) character file.

Game seed: 12010841318532244945

76002 SnakkuSnakku7 the Black Belt (level 15, -2/120 HPs)
             Began as a Vampire Fire Elementalist on Feb 14, 2022.
             Was the Champion of Wu Jian.
             Slain by a meliai (4 damage)
             ... on level 13 of the Dungeon.
             The game lasted 00:42:15 (23293 turns).

SnakkuSnakku7 the Black Belt (VpFE)                Turns: 23293, Time: 00:42:16

Health: -2/120     AC: 23    Str: 19    XL:     15   Next: 11%
Magic:  27/27      EV: 10    Int: 19    God:    Wu Jian [******]
Gold:   1519       SH:  5    Dex: 15    Spells: 30/30 levels left

rFire   . . .      SeeInvis +     - Unarmed
rCold   . . .      Faith    .   y - +0 buckler
rNeg    . . .      Spirit   .   e - +2 chain mail {Will+}
rPois   .          Reflect  .   A - +1 helmet
rElec   .          Harm     .   v - +1 cloak
rCorr   .          Rampage  .   p - +0 pair of gloves
Will    ++...                   t - +2 pair of boots
Stlth   ..........              I - amulet of regeneration
HPRegen 1.30/turn               s - +4 ring of protection
MPRegen 0.20/turn               o - +6 ring of strength

@: healing quickly
A: alive, fangs 3, see invisible, vampiric 2
a: Exsanguinate, Renounce Religion, Wall Jump, Serpent's Lash, Heavenly Storm


You were on level 13 of the Dungeon.
You worshipped Wu Jian.
Wu Jian was exalted by your worship.
You visited 4 branches of the dungeon, and saw 22 of its levels.

You collected 2904 gold pieces.
You spent 1385 gold pieces at shops.

Inventory:

Missiles
 F - 3 curare-tipped darts (quivered)
 K - 3 throwing nets
Armour
 e - a +2 chain mail of willpower (worn)
 p - a +0 pair of gloves (worn)
 t - a +2 pair of boots (worn)
 v - a +1 cloak (worn)
 y - a +0 buckler (worn)
 A - a +1 helmet (worn)
 D - a +0 troll leather armour
Jewellery
 c - a +6 ring of strength
 k - a ring of willpower
 l - the ring "Keifar" {rPois Dex+2}
   (You acquired it on level 9 of the Dungeon)

   [ring of poison resistance]

   Dex:       It affects your dexterity (+2).
   rPois:     It protects you from poison.
 o - a +6 ring of strength (right hand)
 q - the ring "Oroanofex" {Fly rC++ Will+ Str-5}
   (You acquired it on level 5 of the Lair of Beasts)

   [ring of flight]

   Str:       It affects your strength (-5).
   rC:        It greatly protects you from cold.
   Fly:       It grants you flight.
   Will:      It increases your willpower.
 s - a +4 ring of protection (left hand)
 I - an amulet of regeneration (around neck)
Wands
 n - a wand of polymorph (12)
Scrolls
 a - a scroll of identify
 b - 2 scrolls of fog
 d - 5 scrolls of vulnerability
 h - 3 scrolls of magic mapping
 i - 2 scrolls of summoning
 j - 6 scrolls of enchant weapon
 m - 4 scrolls of immolation
 u - a scroll of silence
 J - 6 scrolls of teleportation
Potions
 f - 14 potions of curing
 g - a potion of brilliance
 r - 2 potions of mutation
 z - 2 potions of flight
 B - a potion of resistance
 C - a potion of invisibility {unknown}
 E - a potion of lignification {unknown}
 G - 4 potions of haste
 H - 2 potions of attraction
 L - 2 potions of cancellation
Miscellaneous
 w - a condenser vane (inert)


   Skills:
 - Level 12.0 Fighting
 - Level 3.7 Armour
 - Level 9.5 Dodging
 - Level 3.0 Stealth
 + Level 3.4 Shields
 - Level 20.0 Unarmed Combat
 - Level 8.0 Spellcasting
 - Level 0.6 Conjurations
 - Level 2.4 Fire Magic
 - Level 6.8 Evocations


You had 30 spell levels left.
You didn't know any spells.
Your spell library contained the following spells:

 Spells                   Type           Power      Damage    Failure   Level
 Foxfire                  Conj/Fire      52%        2x1d6     58%         1
 Scorch                   Fire           32%        2d6       61%         2
 Magic Dart               Conj           36%        1d4       71%         1
 Freeze                   Ice            28%        1d5       80%         1
 Pain                     Necr           28%        1d5       80%         1
 Summon Small Mammal      Summ           28%        N/A       80%         1
 Searing Ray              Conj           18%        2d5       85%         2
 Static Discharge         Conj/Air       8%         N/A       88%         2
 Ensorcelled Hibernation  Hex/Ice        14%        N/A       90%         2
 Passwall                 Tmut/Erth      5%         N/A       90%         2
 Sublimation of Blood     Necr           7%         N/A       90%         2
 Wereblood                Tmut           7%         N/A       90%         2
 Conjure Flame            Conj/Fire      13%        6-21      91%         3
 Inner Flame              Hex/Fire       12%        N/A       94%         3
 Stone Arrow              Conj/Erth      16%        3d8       98%         3
 Call Canine Familiar     Summ           7%         N/A       99%         3
 Frozen Ramparts          Ice            14%        1d3       99%         3
 Ozocubu's Armour         Ice            7%         N/A       99%         3
 Summon Guardian Golem    Hex/Summ       7%         N/A       99%         3
 Swiftness                Air            7%         N/A       99%         3
 Animate Armour           Summ/Erth      14%        N/A       100%        4
 Cause Fear               Hex            3%         N/A       100%        4
 Flame Wave               Conj/Fire      13%        2d6       100%        4
 Fulminant Prism          Conj/Hex       4%         3d6       100%        4
 Hailstorm                Conj/Ice       8%         3d4       100%        4
 Ice Form                 Ice/Tmut       7%         N/A       100%        4
 Agony                    Necr           7%         N/A       100%        5
 Excruciating Wounds      Necr           3%         N/A       100%        5
 Lightning Bolt           Conj/Air       4%         1d15      100%        5
 Metabolic Englaciation   Hex/Ice        3%         N/A       100%        5
 Conjure Ball Lightning   Conj/Air       4%         3x3d6     100%        6
 Simulacrum               Ice/Necr       3%         N/A       100%        6
 Dragon Form              Tmut           3%         N/A       100%        7
 Malign Gateway           Summ/Tloc      3%         N/A       100%        7
 Summon Hydra             Summ           3%         N/A       100%        7
 Discord                  Hex            3%         N/A       100%        8
 Disjunction              Tloc           3%         N/A       100%        8
 Lehudib's Crystal Spear  Conj/Erth      4%         10d3      100%        8
 Maxwell's Capacitive Co  Air            3%         ∞         100%        8
 Summon Horrible Things   Summ           3%         N/A       100%        8
 Dragon's Call            Summ           3%         N/A       100%        9


Dungeon Overview and Level Annotations

Branches:
Dungeon (13/15)            Temple (1/1) D:5            Lair (6/6) D:9
 Shoals (0/4) Lair:3        Snake (0/4) Lair:2        Slime (0/5) Lair:6
    Orc (2/2) D:9             Elf (0/3) Orc:2
 Vaults: D:13-14

Altars:
Ashenzari
Cheibriados
Dithmenos
Elyvilon
Fedhas
Gozag
Hepliaklqana
Kikubaaqudgha
Makhleb
Nemelex Xobeh
Okawaru
Qazlal
Ru
Sif Muna
Trog
Uskayaw
Vehumet
Wu Jian
Xom
Zin
The Shining One
Beogh
Lugonu

Shops:
D:1 [   D:2 :   Orc:1 (   Orc:2 (([=

Portals:
Abyss: Lair:6
Trove: D:10 (give +7 demon trident)

Annotations:
D:10 Dig
D:11 1 runed translucent door
Lair:3 exclusion: oklob plant


Innate Abilities, Weirdness & Mutations

Your natural rate of healing is accelerated.
You have razor-sharp teeth.
You have supernaturally acute eyesight. (SInv)
You are afflicted with vampirism and can become a bat while bloodless.


Message History

The meliai hits you with a +0 war axe!
The meliai stings you but does no damage.
You are too injured to fight recklessly!
You hit the meliai but do no damage.
The meliai is lightly wounded.
The meliai hits you but does no damage. The meliai completely misses you.
The meliai calls down the wrath of its god upon you.
Something smites you!
You barely miss the meliai.
The meliai is lightly wounded.
The meliai hits you with a +0 war axe!
* * * LOW HITPOINT WARNING * * *
The meliai barely misses you.
You closely miss the meliai.
The meliai is lightly wounded.
The meliai hits you with a +0 war axe!
* * * LOW HITPOINT WARNING * * *
The meliai stings you!
* * * LOW HITPOINT WARNING * * *
The meliai calls upon its god to heal the meliai.
The meliai's wounds heal themselves!
Okay, then.
Okay, then.
Aiming: Corrosive Bolt
Press: ? - help, Shift-Dir - straight line, f - meliai
Aim: a meliai, wielding a +0 war axe and wearing a +0 leather armour (60% to hit)
The bolt of acid hits the meliai!!
The acid corrodes the meliai!
The meliai is almost dead.
The bolt of acid hits the meliai!!
The acid corrodes the meliai!
The meliai is severely wounded.
The now-empty wand crumbles to dust.
The meliai calls down the wrath of its god upon you.
Something smites you!
* * * LOW HITPOINT WARNING * * *
The meliai hits you with a +0 war axe.
* * * LOW HITPOINT WARNING * * *
The meliai stings you.
* * * LOW HITPOINT WARNING * * *
The meliai hits you with a +0 hand axe.
You die...

...##...##.....####'#............
........#..........y'............
........#....>......#............
........#...........#......#####.
...##..)##..........#......# #.
#####...##..........#......# #.
.........(.....######......# #.
...............##...#......# #.
...............y@...#......# #.
...............y....#......# #.
...)................#......# #.
#####################......# #.
######## ##


You could see 2 meliai.

Vanquished Creatures
  Kirke (D:12)
  2 orc warlords (Orc:2)
  A quicksilver ooze (shapeshifter) (D:13)
  The ghost of a3don the Spear-Bearer, a journeyman MfGl of Fedhas (Lair:6)
  6 hydras
  An ogre mage (D:13)
  5 boulder beetles
  3 two-headed ogres
  9 death yaks
  3 orc high priests
  3 thrashing horrors (Lair:6)
  A wolf spider (D:13)
  2 orc sorcerers
  3 orc knights
  A necromancer (Lair:6)
  3 cyclopes
  5 elephants (Lair:4)
  5 centaur zombies
  A black mamba (Lair:2)
  4 smoke demons (Lair:6)
  2 torpor snails
  2 gargoyles (D:12)
  16 cane toads
  A yaktaur (shapeshifter) (Lair:6)
  An unseen horror (D:12)
  13 komodo dragons
  2 centaur skeletons (D:7)
  3 rime drakes (Lair:6)
  2 hellwings
  2 anaconda simulacra (Lair:4)
  2 ancient zymes (Lair:6)
  A meliai (D:13)
  12 trolls
  A polar bear (D:10)
  A harpy skeleton (D:7)
  24 blink frogs
  7 dream sheep
  A meliai zombie (D:7)
  A culicivora (shapeshifter) (Lair:6)
  A shadow (D:9)
  14 small abominations (Lair:6)
  3 large abominations (Lair:6)
  2 hogs (D:12)
  5 wraiths
  Grum (D:7)
  A fire bat (D:9)
  12 basilisks
  A dire elephant simulacrum (Lair:4)
  36 yaks
  4 vampire mosquitoes (D:12)
  5 wargs
  14 water moccasins
  33 orc warriors
  2 ice beasts
  2 hornet zombies
  A black bear (Lair:2)
  A swamp drake (D:9)
  5 boggarts (D:13)
  2 black mamba simulacra (Lair:6)
  6 ogres
  12 wolves
  9 centaurs
  3 kobold brigands
  27 bullfrogs
  3 scorpions
  2 gnoll sergeants
  A water moccasin zombie (D:5)
  A dream sheep simulacrum (Lair:6)
  4 electric eels
  A torpor snail simulacrum (Lair:6)
  3 komodo dragon simulacra
  A bullfrog skeleton (D:6)
  Crazy Yiuf (D:3)
  22 orc priests
  2 gnoll shamans (D:7)
  15 hounds
  18 jellies
  Ijyb (D:3)
  Natasha (thrice) (D:3)
  2 iguanas
  33 orc wizards
  4 polar bear simulacra (Lair:6)
  2 yak simulacra (Lair:6)
  A killer bee zombie (D:7)
  A wolf simulacrum (Lair:6)
  A bullfrog simulacrum (Lair:4)
  20 gnolls
  5 adders
  4 shadow imps
  A white imp (D:7)
  2 ufetubi
  2 worms
  3 dart slugs
  105 orcs
  4 ball pythons
  27 endoplasms
  2 giant cockroaches
  13 hobgoblins
  6 jackals
  3 quokkas
  6 bats
  6 frilled lizards
  8 goblins
  18 kobolds
  3 rats (D:1)
  4 river rat simulacra (Lair:6)
720 creatures vanquished.

Vanquished Creatures (others)
  34 foxfires
  56 fungi
  84 plants
  4 withered plants (D:7)
178 creatures vanquished.

Grand Total: 898 creatures vanquished

Notes
Turn   | Place    | Note
-------+----------+-------------------------------------------
     0 | D:1      | SnakkuSnakku7 the Vampire Fire Elementalist began the quest
                  | for the Orb.
     0 | D:1      | Reached XP level 1. HP: 13/13 MP: 3/3
    97 | D:1      | Reached skill level 1 in Unarmed Combat
   163 | D:1      | Found a faded altar of an unknown god.
   291 | D:1      | Reached XP level 2. HP: 19/19 MP: 0/5
   293 | D:1      | Reached skill level 2 in Unarmed Combat
   582 | D:1      | Reached skill level 3 in Unarmed Combat
   582 | D:1      | Gained mutation: You are afflicted with vampirism and can
                  | become a bat while bloodless. [Vampire growth]
   582 | D:1      | Reached XP level 3. HP: 24/24 MP: 6/6
   674 | D:1      | Found Ciocenat's Armour Shoppe.
  1244 | D:2      | Found Ynixt's Book Boutique.
  1662 | D:3      | Noticed Natasha
  1703 | D:3      | Noticed Ijyb
  1805 | D:3      | Reached skill level 4 in Unarmed Combat
  1805 | D:3      | Reached XP level 4. HP: 24/30 MP: 3/7
  2024 | D:3      | You fall into a shaft and drop 1 floor!
  2033 | D:4      | Reached skill level 5 in Unarmed Combat
  2058 | D:4      | Noticed an ice beast
  2070 | D:4      | Reached XP level 5. HP: 31/35 MP: 6/8
  2552 | D:4      | Found a stormy altar of Qazlal.
  2703 | D:1      | Bought a +0 pair of gloves for 58 gold pieces
  2703 | D:1      | Bought a +0 pair of boots for 58 gold pieces
  2913 | D:3      | Found a runed translucent door.
  2914 | D:3      | Noticed Crazy Yiuf
  3219 | D:4      | Killed an ice beast
  3220 | D:4      | Reached skill level 6 in Unarmed Combat
  3220 | D:4      | Reached XP level 6. HP: 7/41 MP: 0/9
  3552 | D:5      | Entered Level 5 of the Dungeon
  3638 | D:5      | Reached skill level 7 in Unarmed Combat
  3824 | D:5      | Found a staircase to the Ecumenical Temple.
  3833 | Temple   | Entered the Ecumenical Temple
  3853 | Temple   | Became a worshipper of the Wu Jian Council
  4031 | D:5      | Reached skill level 8 in Unarmed Combat
  4031 | D:5      | Reached XP level 7. HP: 37/46 MP: 7/10
  4100 | D:5      | Found an opulent altar of Gozag.
  4103 | D:5      | Identified the +12 war axe of Success {vorpal, rPois}
  4493 | D:6      | Reached skill level 9 in Unarmed Combat
  4871 | D:6      | Reached * piety under Wu Jian
  5157 | D:6      | Found a blossoming altar of Fedhas.
  5318 | D:7      | Noticed a boulder beetle
  5333 | D:7      | Reached skill level 10 in Unarmed Combat
  5339 | D:7      | Noticed a hellwing
  5362 | D:7      | Reached XP level 8. HP: 28/52 MP: 3/11
  5620 | D:7      | HP: 1/52 [centaur warrior zombie (2)]
  5763 | D:7      | Reached skill level 11 in Unarmed Combat
  6141 | D:7      | Reached XP level 9. HP: 58/66 MP: 10/12
  6298 | D:3      | Killed Ijyb
  6321 | D:3      | Killed Natasha
  6344 | D:3      | Noticed Natasha
  6353 | D:3      | Killed Natasha
  6394 | D:3      | Killed Crazy Yiuf
  6457 | D:3      | Noticed Natasha
  6470 | D:3      | Killed Natasha
  6471 | D:3      | Reached skill level 5 in Fighting
  6904 | D:7      | Noticed a hellwing
  6929 | D:7      | Killed a hellwing
  6931 | D:7      | Found a shimmering blue altar of Sif Muna.
  7107 | D:6      | Killed a hellwing
  7342 | D:8      | Noticed a two-headed ogre
  7369 | D:8      | Killed a two-headed ogre
  7754 | D:8      | Reached skill level 5 in Dodging
  7794 | D:8      | Found an iron altar of Okawaru.
  7839 | D:8      | Reached XP level 10. HP: 80/80 MP: 13/13
  8638 | D:9      | Found a staircase to the Lair.
  9157 | D:9      | Reached ** piety under Wu Jian
  9196 | D:9      | Found a staircase to the Orcish Mines.
  9203 | D:9      | Reached skill level 1 in Evocations
  9474 | D:9      | Found a snail-covered altar of Cheibriados.
  9543 | D:10     | Entered Level 10 of the Dungeon
  9656 | D:9      | Reached skill level 5 in Evocations
  9716 | D:10     | Identified the +3 leather armour of Hopscotch {Harm rElec
                  | rPois}
  9733 | D:10     | Found a hazy altar of Hepliaklqana.
  9804 | D:10     | Noticed Sonja
  9817 | D:10     | Noticed Sonja
  9817 | D:10     | Sonja changed into Sonja the polar bear
  9829 | D:10     | Killed Sonja the polar bear
  9950 | D:10     | Found a portal to a secret trove of treasure.
 10140 | D:7      | Reached XP level 11. HP: 80/86 MP: 12/14
 10193 | D:7      | Reached *** piety under Wu Jian
 10355 | D:7      | Noticed Grum
 10368 | D:7      | Killed Grum
 10473 | D:7      | Killed a boulder beetle
 10474 | D:7      | Reached skill level 12 in Unarmed Combat
 10558 | D:7      | Reached **** piety under Wu Jian
 10618 | D:7      | Found a sparkling altar of Nemelex Xobeh.
 10863 | Lair:1   | Entered Level 1 of the Lair of Beasts
 10891 | D:9      | Identified a scroll of acquirement
 10891 | D:9      | Acquired the ring "Keifar" {rPois Dex+2}
 11105 | Lair:2   | Noticed an eight-headed hydra
 11217 | Lair:1   | Noticed a six-headed hydra
 11244 | Lair:1   | Killed a six-headed hydra
 11245 | Lair:1   | Reached skill level 13 in Unarmed Combat
 11390 | Lair:1   | Reached skill level 14 in Unarmed Combat
 12118 | Lair:2   | Killed an eight-headed hydra
 12119 | Lair:2   | Reached skill level 15 in Unarmed Combat
 12119 | Lair:2   | Reached skill level 1 in Armour
 12267 | Lair:2   | Noticed a boulder beetle
 12287 | Lair:2   | Killed a boulder beetle
 12288 | Lair:2   | Reached XP level 12. HP: 88/92 MP: 12/15
 12334 | Lair:2   | Acquired 892 gold pieces
 12396 | Lair:2   | Noticed a four-headed hydra
 12405 | Lair:2   | Killed a four-headed hydra
 12460 | Lair:2   | You fall into a shaft and drop 1 floor!
 12550 | Lair:2   | Found a staircase to the Snake Pit.
 12556 | Lair:2   | Reached ***** piety under Wu Jian
 12997 | Lair:3   | Reached skill level 10 in Fighting
 13389 | Lair:3   | Noticed a seven-headed hydra
 13395 | Lair:3   | Killed a seven-headed hydra
 13435 | Lair:3   | Found a staircase to the Shoals.
 14055 | Lair:4   | Noticed a death yak
 14138 | Lair:4   | Killed a death yak
 14307 | Lair:4   | Found a transporter.
 14443 | Lair:4   | Noticed a death yak
 14443 | Lair:4   | Noticed a death yak
 14458 | Lair:4   | Killed a death yak
 14462 | Lair:4   | Noticed a death yak
 14468 | Lair:4   | Noticed a death yak
 14469 | Lair:4   | Killed a death yak
 14470 | Lair:4   | Reached XP level 13. HP: 45/108 MP: 7/17
 14657 | Lair:4   | Reached skill level 5 in Spellcasting
 14788 | Lair:4   | Found a transporter.
 15819 | Lair:5   | Acquired the ring "Oroanofex" {Fly rC++ Will+ Str-5}
 16452 | Lair:6   | Entered Level 6 of the Lair of Beasts
 16452 | Lair:6   | Found a burning altar of Makhleb.
 16531 | Lair:6   | Found a runed translucent gate.
 16531 | Lair:6   | Found a runed translucent gate.
 16531 | Lair:6   | Found a runed translucent gate.
 16582 | Lair:6   | Reached skill level 16 in Unarmed Combat
 16726 | Lair:6   | Reached ****** piety under Wu Jian
 17109 | Lair:6   | Reached XP level 14. HP: 86/115 MP: 17/26
 17163 | Lair:6   | Reached skill level 17 in Unarmed Combat
 17411 | Lair:6   | Found a staircase to the Slime Pits.
 17844 | Lair:6   | Found a corrupted altar of Lugonu.
 17844 | Lair:6   | Found a one-way gate to the infinite horrors of the Abyss.
 18031 | Lair:6   | Noticed a3don's ghost (journeyman MfGl)
 18208 | Lair:6   | Killed a3don's ghost
 18209 | Lair:6   | Reached skill level 18 in Unarmed Combat
 18417 | Lair:4   | HP: 3/115 [seven-headed hydra simulacrum (9)]
 18417 | Lair:4   | HP: 1/115 [constriction (2)]
 18439 | Lair:4   | Identified the +2 cloak "Qoipten" {Harm rF- Regen+ Dex+2}
 18777 | D:11     | Found a runed translucent door.
 19322 | D:12     | Noticed Kirke
 19536 | D:12     | Killed Kirke
 19748 | D:12     | Reached skill level 19 in Unarmed Combat
 20266 | Orc:1    | Entered Level 1 of the Orcish Mines
 20396 | Orc:1    | Found Lohicow's Weapon Emporium.
 20893 | Orc:2    | Entered Level 2 of the Orcish Mines
 20893 | Orc:2    | Found a staircase to the Elven Halls.
 20894 | Orc:2    | Noticed an orc warlord
 21067 | Orc:2    | Killed an orc warlord
 21412 | Orc:1    | Reached skill level 20 in Unarmed Combat
 21529 | Orc:2    | Noticed an orc warlord
 21704 | Orc:2    | Killed an orc warlord
 21872 | Orc:2    | Found Icyfevos's Weapon Shop.
 22106 | Orc:2    | Found Kutesillu's Jewellery Emporium.
 22130 | Orc:2    | Bought a +4 ring of protection for 540 gold pieces
 22130 | Orc:2    | Bought an amulet of regeneration for 450 gold pieces
 22273 | Orc:2    | Found Ytupsine's Antique Weapon Shoppe.
 22277 | Orc:2    | Found Rujikh's Antique Armour Emporium.
 22651 | D:1      | Bought a +2 chain mail of willpower for 279 gold pieces
 22939 | D:13     | Reached XP level 15. HP: 120/120 MP: 27/27
 22960 | D:13     | Found a radiant altar of Vehumet.
 23049 | D:13     | Reached skill level 1 in Shields
 23293 | D:13     | HP: 6/120 [meliai (3)]
 23293 | D:13     | HP: 2/120 [meliai (4)]
 23293 | D:13     | Slain by a meliai

Illustrated notes

Levels and vault maps discovered:
D:1:      dpeg_arrival_triangle_fractal, layout_basic,
          hellmonk_ecumenical_altar_leap_of_faith, serial_shops, shop
D:2:      layout_basic, serial_shops,
          nicolae_shop_temple_entry_statues_fountains
D:3:      layout_rooms, uniq_crazy_yiuf_cottage, uniq_natasha, uniq_ijyb
D:4:      layout_loops_ring, general_overflow_altar
D:5:      layout_loops_ring, lemuel_coloured_pillars_altar, temple_pool_b
D:6:      layout_gridville, fedhas_altar_4
D:7:      cheibrodos_grave_circle, layout_cave_pools, kennysheep_mini_moat,
          nicolae_overflow_hidden_temple, serial_gnoll_camp, grums_kennel,
          gnoll_camp_mini_doghouse, gnoll_camp_medium_01, gnoll_camp_mini_basic,
          chequers_serial_rivers_small_a
D:8:      layout_loops_cross, lemuel_doored_altar, serial_co_window_serial,
          co_window_of_opportunity_a, co_window_paths_a,
          co_window_of_opportunity_a, co_window_corner_a, co_window_paths_a,
          co_window_2corner, co_window_2corner, co_window_broadway_b,
          co_window_4corner_a
D:9:      layout_irregular_city, marbit_many_paths, old_standard_altar,
          david_lair_shrubbed, erik_orc_1
D:10:     layout_cross, mainiacjoe_overflow_six_doors_small, enter_trove_1,
          unseen_surprise_small, uniq_sonja
D:11:     layout_rooms, minmay_st_funbox, lightli_minifort
D:12:     layout_long_grid, nicolae_zen_rock_garden, uniq_kirke
D:13:     layout_gridville, david_vaults_2, grunt_decor_mini_mirrors,
          nicolae_vehumet_radiance
Temple:   eino_temple_lava
Lair:1:   layout_cave_pods, grunt_megastairs_4, serial_bayou_shore_a,
          infiniplex_staircase_pool
Lair:2:   layout_gridlike, dummy_snake_entry, beast_lair_carwin_2
Lair:3:   lemuel_slime, layout_cave_pods, elwin_shoals_entry_rocks,
          grunt_megastairs_3
Lair:4:   gammafunk_cloud_chamber, layout_loops_ring
Lair:5:   layout_gridlike, serial_bayou, serial_bayou_lagoon_b,
          serial_bayou_pond_e, serial_bayou_shore_b, serial_bayou_pond_c,
          serial_bayou_shore_b
Lair:6:   hellmonk_lair_end_abyssal_woods, layout_regular_city,
          minmay_slime_entry_jelly_boxes, gammafunk_ghost_icy, basic_altar,
          eino_house_with_fridge
Orc:1:    cheibrodos_orc_bank, layout_caves, serial_shops, nicolae_shop_crystal
Orc:2:    grunt_orc_community_town_hall, layout_caves,
          grunt_orc_community_big_house_1, grunt_orc_community_big_house_1,
          grunt_orc_community_house_2, grunt_orc_community_house_2,
          grunt_orc_community_house_3, grunt_orc_community_house_1,
          grunt_orc_community_house_2, grunt_orc_community_house_3

Skill      XL: |  1  2  3  4  5  6  7  8  9 10 11 12 13 14 15 |
---------------+----------------------------------------------+-----
Unarmed Combat | 1 3 4 5 6 8 10 11 15 16 20 | 20.0
Fighting       | 4 8 12 | 12.0
Dodging        | 5 8 9 |  9.5
Evocations     | 6 |  6.8
Armour         | 3 |  3.7
Spellcasting   | 3 8 |  8.0
Shields        | 3 |  3.4
Stealth        | |  3.0
Conjurations   | |  0.6
Fire Magic     | |  2.4

Action                   |  1- 3 |  4- 6 |  7- 9 | 10-12 | 13-15 || total
-------------------------+-------+-------+-------+-------+-------++-------
Melee: Unarmed           |   145 |   136 |   254 |   918 |  1405 ||  2858
       Bite              |    16 |    17 |    38 |   121 |   205 ||   397
       Punch             |     2 |     4 |    30 |    85 |   182 ||   303
Throw: Dart              |       |     8 |    11 |     9 |     5 ||    33
       Throwing net      |       |       |     3 |     1 |     3 ||     7
 Cast: Foxfire           |    14 |     7 |       |       |       ||    21
Invok: Lunge             |       |     2 |    12 |    32 |    71 ||   117
       Whirlwind         |       |       |     2 |    16 |    28 ||    46
       Serpent's Lash    |       |       |       |       |     1 ||     1
Evoke: Wand              |       |       |     6 |    13 |     3 ||    22
       Condenser vane    |       |       |       |       |     2 ||     2
  Use: Scroll            |     1 |       |     8 |    13 |     8 ||    30
       Potion            |       |       |     3 |       |     3 ||     6
 Stab: Sleeping          |    12 |     5 |     8 |     6 |       ||    31
       Distracted        |       |     1 |       |     2 |     2 ||     5
       Held in net/web   |       |       |     2 |     1 |     1 ||     4
       Confused          |       |       |       |     1 |       ||     1
Armor: Robe              |    27 |    23 |    92 |       |       ||   142
       Troll leather arm |       |       |       |   181 |   307 ||   488
       Ring mail         |       |       |       |     6 |       ||     6
       Chain mail        |       |       |       |       |    40 ||    40
Dodge: Dodged            |   106 |    68 |   175 |   545 |   777 ||  1671
Block: Buckler           |       |       |       |       |     7 ||     7
